Map: 2000 Atmospheres LE

Players

ShaDoWn

  • Race: Protoss Protoss

MarineLorD - Winner!

  • Race: Terran Terran
  • League: Master

Event: DreamHack SC2 Masters 2021 Fall

VOD

Have the link to the VOD?

Description

Time

  • Played on: Aug. 8, 2021, 1:49 p.m.
  • Length: 9:44

All games in this series

Show
View Real Time Build Order
Export as new Build Order

ShaDoWn Protoss 

Build Orders: 1 Gate Expand 

Get SALT Encoding   

  12  0:00  Probe  
  13  0:12  Probe  
  14  0:17  Pylon  
  14  0:24  Probe  
  14  0:27  Assimilator  
  15  0:36  Probe (Chrono Boost)  
  15  0:42  Gateway  
  16  0:48  Probe (Chrono Boost)  
  17  0:53  Probe (Chrono Boost)  
  18  1:03  Probe  
  19  1:15  Probe  
  20  1:22  Nexus  
  20  1:33  Cybernetics Core  
  20  1:42  Gateway  
  20  1:47  Pylon  
  20  1:52  Probe  
  21  1:58  Assimilator  
  22  2:12  Stalker (Chrono Boost)  
  22  2:15  Shield Battery  
  21  2:26  Shield Battery  
  21  2:27  Stalker (Chrono Boost)  
  20  2:32  Probe  
  20  2:34  Shield Battery  
  23  2:39  Shield Battery  
  23  2:40  Probe  
  24  2:46  Shield Battery  
  24  2:47  Probe  
  25  2:52  Probe  
  25  2:55  Stalker (Chrono Boost)  
  28  3:00  Probe  
  28  3:04  Probe  
  30  3:12  Warp Gate  
  30  3:13  Probe  
  30  3:19  Probe  
  32  3:25  Probe  
  33  3:35  Pylon  
  33  3:51  Nexus  
  33  3:56  Probe  
  33  3:59  Stalker (Chrono Boost)  
  37  4:14  Pylon  
  39  4:18  Stalker (Chrono Boost)  
  38  4:33  Probe  
  38  4:35  Twilight Council  
  39  4:45  Probe  
  40  4:57  Probe  
  41  5:01  Stalker x2  
  41  5:06  Probe  
  46  5:09  Probe  
  47  5:14  Nexus  
  47  5:18  Probe  
  48  5:28  Blink (Chrono Boost)  
  48  5:29  Probe  
  48  5:30  Probe  
  50  5:41  Probe  
  51  5:43  Probe  
  51  5:48  Sentry  
  51  5:49  Stalker  
  56  5:53  Probe  
  57  5:59  Probe  
  57  6:05  Probe  
  58  6:14  Shield Battery  
  58  6:16  Probe  
  58  6:18  Stalker  
  61  6:21  Gateway  
  61  6:22  Pylon  
  61  6:25  Gateway  
  61  6:27  Probe  
  61  6:28  Probe  
  61  6:29  Probe  
  61  6:31  Stalker  
  66  6:39  Probe  
  67  6:40  Shield Battery, Probe  
  69  6:51  Robotics Facility  
  69  6:52  Probe x2  
  69  6:53  Stalker  
  70  7:03  Charge (Chrono Boost), Probe  
  70  7:04  Stalker  
  71  7:10  Gateway  
  71  7:13  Gateway, Probe x2  
  73  7:22  Stalker x3  
  79  7:25  Probe  
  80  7:30  Probe  
  80  7:32  Probe  
  82  7:37  Probe  
  82  7:39  Pylon, Observer  
  82  7:43  Probe  
  85  7:47  Assimilator  
  85  7:48  Assimilator  
  85  7:57  Forge, Probe x2  
  87  7:58  Probe  
  87  8:00  Zealot x2  
  87  8:01  Gateway  
  92  8:07  Pylon  
  92  8:08  Pylon  
  92  8:10  Probe  
  92  8:19  Probe  
  93  8:21  Pylon  
  93  8:24  Robotics Bay  
  93  8:25  Probe  
  98  8:29  Zealot x5  
  104  8:42  Zealot  
  97  8:50  Zealot x5  
  102  8:57  Zealot  
  89  9:05  Zealot x2  
  89  9:07  Probe  
  84  9:13  Zealot x5  
  84  9:14  Probe  
  83  9:18  Pylon  
  76  9:26  Probe  
  76  9:30  Zealot x2  
  60  9:31  Probe  
Show
View Real Time Build Order
Export as new Build Order

MarineLorD Terran - Winner!

Build Orders:  

Get SALT Encoding   

  12  0:00  SCV  
  13  0:12  SCV  
  14  0:19  Supply Depot  
  14  0:24  SCV  
  15  0:40  SCV  
  15  0:41  Barracks  
  16  0:55  Barracks  
  16  0:58  SCV  
  17  1:05  Refinery  
  17  1:10  SCV  
  19  1:28  Marine, Orbital Command  
  19  1:39  Supply Depot  
  19  1:42  Marine, Bunker  
  19  1:46  Marine  
  21  2:00  Marine, Bunker  
  22  2:04  SCV  
  22  2:07  Marine  
  24  2:16  SCV  
  24  2:18  Marine  
  26  2:24  Marine  
  26  2:29  SCV  
  28  2:33  Factory  
  28  2:37  Marine  
  28  2:42  Marine  
  30  2:46  SCV, Supply Depot  
  31  2:59  Refinery  
  31  3:07  Marine  
  31  3:08  SCV, Supply Depot  
  31  3:10  Marine  
  34  3:16  Factory Tech Lab  
  34  3:20  SCV  
  35  3:31  Marine x2  
  37  3:36  Cyclone  
  40  3:49  SCV  
  40  3:50  Command Center  
  41  4:06  SCV  
  41  4:08  Siege Tank, Starport  
  45  4:20  Bunker  
  45  4:21  SCV, Supply Depot  
  46  4:33  SCV  
  47  4:45  SCV  
  48  4:52  Raven  
  50  4:55  Widow Mine  
  50  4:57  SCV  
  53  5:06  Orbital Command  
  53  5:09  SCV  
  54  5:15  Barracks Reactor  
  52  5:21  SCV  
  52  5:27  Orbital Command  
  51  5:35  Banshee  
  53  5:39  SCV  
  53  5:40  Barracks  
  54  5:42  Barracks  
  54  5:47  Factory Tech Lab  
  54  5:51  SCV, Engineering Bay  
  54  5:53  SCV  
  56  5:57  Marine x2  
  56  6:02  Supply Depot  
  56  6:03  SCV  
  58  6:05  SCV  
  58  6:10  Siege Tank  
  62  6:15  SCV  
  63  6:19  Marine x2  
  63  6:20  Terran Infantry Weapons Level 1  
  63  6:22  SCV  
  63  6:23  Refinery  
  63  6:24  Refinery  
  66  6:25  Supply Depot  
  66  6:26  Supply Depot  
  66  6:28  SCV  
  66  6:31  Barracks Tech Lab  
  67  6:36  SCV  
  67  6:39  Marine x2  
  70  6:40  SCV  
  70  6:45  Supply Depot  
  71  6:47  Marine  
  71  6:48  Stimpack  
  71  6:49  Marine, Combat Shield  
  71  6:52  SCV x2  
  75  6:57  Marine  
  75  6:59  Marine  
  77  7:04  SCV  
  77  7:05  Marine, SCV  
  77  7:09  Missile Turret  
  77  7:11  Siege Tank, Starport Reactor  
  77  7:14  Marauder  
  82  7:18  Command Center  
  82  7:21  Supply Depot  
  80  7:24  Marauder  
  81  7:35  Marauder  
  83  7:38  Barracks  
  83  7:40  Barracks  
  83  7:41  SCV  
  83  7:43  SCV  
  85  7:45  Marine x2  
  85  7:46  Marauder  
  85  7:49  Medivac  
  85  7:51  Medivac  
  93  7:54  Supply Depot  
  93  7:57  SCV  
  93  7:58  Supply Depot, Factory Reactor  
  94  7:59  Marine  
  95  8:07  Marauder  
  95  8:11  Marine x2  
  99  8:18  Supply Depot  
  99  8:19  Medivac  
  101  8:21  Medivac, Marauder  
  105  8:30  SCV x2, Orbital Command  
  107  8:35  Missile Turret  
  107  8:37  Barracks Reactor  
  107  8:42  Marine, SCV x2  
  110  8:52  Marauder  
  110  8:54  SCV x2  
  114  8:56  Orbital Command  
  114  9:02  Marine, Marauder  
  116  9:03  Marauder  
  116  9:06  SCV  
  116  9:13  SCV  
  116  9:14  Marauder  
  119  9:18  SCV  
  119  9:24  SCV  
  119  9:25  Marine  
  119  9:26  Marine  
  119  9:27  SCV  

Tags
 
Add a new tag
Caveats
  • Supply blocks, unpowered buildings, or Contaminate may cause inaccurate times.
  • Supply counts are checked every 10 seconds.